 Dungeon Crawl Stone Soup version 0.31.0-12-g77e489cdc1 (webtiles) character file.

Game seed: 2702243120682503581

1285 DRAGONFLAY the Chopper (level 8, -14/54 HPs)
             Began as an Octopode Fighter on Feb 23, 2024.
             Was an Initiate of Ashenzari.
             Demolished by a shadow (21 damage)
             ... on level 6 of the Dungeon.
             The game lasted 00:46:49 (4363 turns).

DRAGONFLAY the Chopper (Octopode Fighter)           Turns: 4363, Time: 00:46:50

Health: -14/54     AC:  1    Str: 17    XL:     8   Next: 55%
Magic:  10/10      EV: 14    Int: 11    God:    Ashenzari [......]
Gold:   303        SH:  4    Dex: 11    Spells: 4/10 levels left

rFire   . . .        a - +0 war axe "Bound Together" {Range, Cun} (curse)
rCold   . . .        b - +0 buckler
rNeg    . . .        (helmet restricted)
rPois   .            (no amulet)
rElec   .            (no ring)
rCorr   .            (no ring)
SInv    .            (no ring)
Will    .....        (no ring)
Stlth   ++++         (no ring)
HPRegen 0.29/turn    (no ring)
MPRegen 0.12/turn    (no ring)
                     (no ring)

%: no passive effects
@: about to teleport, on berserk cooldown, slowed, very slow
A: almost no armour, amphibious, 8 rings, camouflage 1, gelatinous body 1,
(nimble swimmer 1), tentacles
a: Renounce Religion, Shatter the Chains


You were on level 6 of the Dungeon.
You worshipped Ashenzari.
Ashenzari was noncommittal.
You visited 1 branch of the dungeon, and saw 6 of its levels.

You collected 303 gold pieces.

Inventory:

Hand Weapons
 a - the cursed +0 war axe "Bound Together" (weapon) {Range, Cun}

   It has a curse which improves the following skills: Ranged Combat: Ranged
   Weapons and Throwing.
   Cunning:   Dodging and Stealth.
 f - a +0 halberd of distortion
Missiles
 e - 5 boomerangs
 i - 24 poisoned darts
 n - a throwing net
Armour
 b - a +0 buckler (worn)
Wands
 d - a wand of roots (9) (quivered)
 h - a wand of mindburst (2)
Scrolls
 g - a scroll of identify
 m - a scroll of fear
Potions
 c - 2 potions of haste
 l - a potion of enlightenment
 o - a potion of attraction {unknown}
 p - a potion of heal wounds {unknown}
 q - 3 potions of magic
 r - a potion of curing
 t - a potion of lignification {unknown}
 w - 2 potions of cancellation {unknown}


   Skills:
 + Level 4.6 Fighting
 + Level 6.1 Axes
 + Level 1.9(2.2) Throwing
 + Level 4.3(4.7) Dodging
 + Level 5.3(5.7) Stealth
 + Level 4.0 Shields
 + Level 1.5 Spellcasting
 + Level 1.0 Conjurations
 + Level 0.4 Summonings
 + Level 3.0 Evocations


You had 4 spell levels left.
You knew the following spells:

 Your Spells              Type           Power      Damage    Failure   Level
a - Freeze                Ice            0%         1d3       36%         1
b - Magic Dart            Conj           12%        1d3       26%         1
c - Call Imp              Summ           2%         N/A       43%         2
d - Blink                 Tloc           0%         N/A       50%         2

Your spell library contained the following spells:

 Spells                   Type           Power      Damage    Failure   Level
 Hailstorm                Conj/Ice       2%         3d5       67%         3
 Frozen Ramparts          Ice            0%         1d1       75%         3


Dungeon Overview and Level Annotations

Branches:
Dungeon (6/15)
 Temple: D:4-7

Altars:
Ashenzari
Fedhas
Okawaru
Trog
Wu Jian
Xom

Shops:
D:3 :

Annotations:
D:6 1 transporter


Innate Abilities, Weirdness & Mutations

You cannot wear most types of armour.
You are amphibious.
You can wear up to eight rings at the same time.
Your skin changes colour to match your surroundings (Stealth+).
Your rubbery body absorbs attacks. (AC +1, EV +1)
((You are camouflaged when in or above water. (Stealth+)))
You have tentacles for arms and can constrict up to eight enemies at once.


Message History

The phantom hits you.
* * * LOW HITPOINT WARNING * * *
The phantom blinks!
You blink.
You closely miss the phantom. You squeeze the phantom!!
The phantom is severely damaged.
The liquid fire burns you!
* * * LOW HITPOINT WARNING * * *
The phantom closely misses you.
You barely miss the phantom.
The phantom is severely damaged.
The liquid fire burns you!
* * * LOW HITPOINT WARNING * * *
The phantom barely misses you.
You slash the phantom! Your squeeze misses the phantom.
The phantom is almost destroyed.
The liquid fire burns you!
* * * LOW HITPOINT WARNING * * *
The phantom hits you but does no damage.
The shadow slips into darkness.
The shadow flickers and vanishes!
Deactivating autopickup; reactivate with Ctrl-A.
You slice the phantom!!
You destroy the phantom!
The liquid fire burns you!
* * * LOW HITPOINT WARNING * * *
Your Shields skill increases to level 4!
Your Evocations skill increases to level 3!
You are too berserk!
You are too berserk!
You shake off the liquid fire.
You feel a strong urge to attack something.
You are no longer berserk.
You are exhausted.
You feel yourself slow down.
There is a strange disturbance nearby!
As you read the scroll of teleportation, it crumbles to dust.
You feel strangely unstable.
The shadow strikes at you from the darkness!
The shadow strikes at you from the darkness!
You die...

#.......# #.############
####.#### #............#
#.# ############.#### #.##
#......# #..# #######
#.#.##.## ##.# #.....#
#.......# #†# #.....#
#.#..#..# #.# #.....#
#.##.#..# ##.# #.@...#
#....#..# ##§.## #.....#
#.......# ##....# ###.###
#.#####.# #.#.#.# ##.##
#.......# ##....######...#
#.####### ##..B.....##.###
#.#########
#..#####.##...###.#........
#.....##.#.....##.#........
##.##.........>...#........


There were no monsters in sight!

Vanquished Creatures
  Sigmund (D:4)
  Edmund (D:4)
  2 black bears (D:5)
  An ice beast (D:3)
  A centaur (D:6)
  A phantom (D:6)
  2 scorpions
  2 orc priests (D:5)
  2 hounds
  An iguana (D:6)
  An orc wizard (D:5)
  7 adders
  11 gnolls
  A shadow imp (D:6)
  A white imp (D:6)
  3 dart slugs
  12 orcs
  7 endoplasms
  2 giant cockroaches
  3 goblins
  6 hobgoblins
  2 jackals (D:2)
  4 kobolds
  2 quokkas
  6 ball pythons
  2 bats
  5 frilled lizards
  6 rats
95 creatures vanquished.

Notes
Turn   | Place    | Note
-------+----------+-------------------------------------------
     0 | D:1      | DRAGONFLAY the Octopode Fighter began the quest for the
                  | Orb.
     0 | D:1      | Reached XP level 1. HP: 16/16 MP: 1/1
    93 | D:1      | Reached XP level 2. HP: 18/21 MP: 2/2
   379 | D:1      | Reached XP level 3. HP: 26/26 MP: 3/3
   980 | D:2      | Identified the +0 robe of Owios {rElec Dex+4}
  1150 | D:2      | Reached skill level 3 in Axes
  1376 | D:2      | Reached XP level 4. HP: 27/31 MP: 4/4
  1447 | D:3      | Found Xoacsub's Book Shop.
  1457 | D:3      | Reached skill level 1 in Stealth
  1493 | D:3      | Learned a level 1 spell: Freeze
  1495 | D:3      | Learned a level 1 spell: Magic Dart
  1553 | D:3      | Noticed an ice beast
  1728 | D:3      | Killed an ice beast
  1729 | D:3      | Reached skill level 4 in Axes
  1729 | D:3      | Reached XP level 5. HP: 36/36 MP: 5/5
  1972 | D:3      | Found a blossoming altar of Fedhas.
  2239 | D:3      | Found an ornate altar of the Wu Jian Council.
  2241 | D:3      | Found an iron altar of Okawaru.
  2395 | D:4      | Reached XP level 6. HP: 25/42 MP: 3/6
  2487 | D:4      | Noticed Edmund
  2499 | D:4      | Killed Edmund
  2500 | D:4      | Reached skill level 1 in Throwing
  2500 | D:4      | Reached skill level 1 in Evocations
  2509 | D:4      | Noticed Sigmund
  2632 | D:4      | Reached XP level 7. HP: 43/47 MP: 7/7
  2721 | D:4      | Killed Sigmund
  2722 | D:4      | Reached skill level 5 in Axes
  2922 | D:4      | Found a broken altar of Ashenzari.
  3018 | D:4      | Became a worshipper of Ashenzari the Shackled
  3022 | D:4      | Learned a level 2 spell: Call Imp
  3340 | D:5      | Entered Level 5 of the Dungeon
  3515 | D:5      | Reached skill level 1 in Spellcasting
  3515 | D:5      | Reached skill level 1 in Conjurations
  3515 | D:5      | Reached XP level 8. HP: 14/54 MP: 3/9
  3621 | D:5      | Found a bloodstained altar of Trog.
  3945 | D:5      | Found a shimmering altar of Xom.
  4085 | D:6      | Learned a level 2 spell: Blink
  4111 | D:6      | Reached skill level 6 in Axes
  4111 | D:6      | Reached skill level 5 in Stealth
  4190 | D:6      | Noticed a shadow
  4246 | D:6      | Found a transporter.
  4363 | D:6      | Demolished by a shadow

Illustrated notes

Levels and vault maps discovered:
D:1:      minmay_arrival_pointy, layout_basic
D:2:      layout_loops_ring
D:3:      layout_basic, mainiacjoe_overflow_alcove_2,
          nicolae_overflow_hidden_temple, serial_shops, shop, dk_vineyard_1
D:4:      layout_basic, ashenzari_conservatory_becter,
          chequers_serial_rivers_micro_e, kennysheep_generic_room_13,
          uniq_sigmund, uniq_edmund
D:5:      lemuel_ice_spiral_2, layout_rooms, overflow_temple_1_default,
          marbit_many_paths, chequers_garden, kennysheep_boxes
D:6:      layout_loops_cross, gammafunk_ghost_abyssal_escape,
          minmay_misc_feat_alley, uniq_prince_ribbit1

Skill      XL: |  1  2  3  4  5  6  7  8 |
---------------+-------------------------+-----
Axes           | 3 4 5 6 |  6.1
Stealth        | 2 3 4 5 |  5.3
Throwing       | 1 |  1.9
Evocations     | 1 2 3 |  3.0
Dodging        | 4 |  4.3
Fighting       | 4 |  4.6
Spellcasting   | 1 |  1.5
Conjurations   | 1 |  1.0
Shields        | 4 |  4.0
Summonings     | |  0.4

Action                     |  1- 3 |  4- 6 |  7- 9 || total
---------------------------+-------+-------+-------++-------
  Melee: War axe           |    58 |    42 |    80 ||   180
         Constrict         |    11 |    10 |    16 ||    37
         Tentacles         |     5 |    10 |    13 ||    28
         Punch             |       |     1 |     1 ||     2
  Throw: Boomerang         |     9 |     2 |     7 ||    18
   Cast: Magic Dart        |       |     2 |     8 ||    10
         Call Imp          |       |       |     4 ||     4
         Blink             |       |       |     1 ||     1
 Invoke: Curse Item        |       |       |     1 ||     1
  Evoke: Wand              |       |    15 |    12 ||    27
    Use: Scroll            |     2 |     6 |     6 ||    14
         Potion            |       |     6 |     4 ||    10
   Stab: Sleeping          |     6 |     1 |     6 ||    13
 Armour: Skin              |    19 |    14 |    63 ||    96
  Dodge: Dodged            |    25 |    19 |    39 ||    83
  Block: Buckler           |     7 |    12 |    16 ||    35
